 Dungeon Crawl Stone Soup version 0.31-a0-667-g39726597b9 (webtiles) character file.

Game seed: 2931810089821504139

107 Zonian the Grasshopper (level 4, 0/38 HPs)
             Began as a Gnoll Warper on Sept 4, 2023.
             Was a Believer of Kikubaaqudgha.
             Slain by an orc priest
             ... wielding a +0 dagger
              (1 damage)
             ... on level 3 of the Dungeon.
             The game lasted 00:04:28 (2954 turns).

Zonian the Grasshopper (Gnoll Warper)               Turns: 2954, Time: 00:04:28

Health: 0/38       AC:  3    Str: 10    XL:     4   Next: 86%
Magic:  11/11      EV: 13    Int: 13    God:    Kikubaaqudgha [**....]
Gold:   62         SH:  0    Dex: 13    Spells: 13/13 levels left

rFire   . . .        a - +0 short sword
rCold   . . .        (no shield)
rNeg    . . .        b - +0 leather armour
rPois   .            (no helmet)
rElec   .            (no cloak)
rCorr   .            (no gloves)
SInv    .            (no boots)
Will    .....        (no amulet)
Stlth   +            (no ring)
HPRegen 0.26/turn    (no ring)
MPRegen 0.12/turn

%: no passive effects
@: no status effects
A: fangs 1, strong nose, distributed training
a: Renounce Religion, Unearth Wretches


You were on level 3 of the Dungeon.
You worshipped Kikubaaqudgha.
Kikubaaqudgha was pleased with you.
You visited 1 branch of the dungeon, and saw 3 of its levels.

You collected 62 gold pieces.

Inventory:

Hand Weapons
 a - a +0 short sword (weapon)
Missiles
 d - 4 darts of dispersal (quivered)
Armour
 b - a +0 leather armour (worn)
Scrolls
 c - a scroll of blinking
 e - 2 scrolls of noise {unknown}
 j - a scroll of identify {unknown}
 l - a scroll of torment {unknown}
 m - a scroll of revelation {unknown}
 o - a scroll of vulnerability {unknown}
 p - a scroll of immolation {unknown}
 q - a scroll of fear {unknown}
 r - a scroll of fog {unknown}
 s - a scroll of amnesia {unknown}
Potions
 f - a potion of lignification {unknown}
 g - a potion of brilliance {unknown}
 h - a potion of resistance {unknown}
 i - a potion of curing {unknown}
 k - a potion of degeneration {unknown}
 n - 2 potions of heal wounds {unknown}


   Skills:
 + Level 4.7 Fighting
 + Level 4.7 Short Blades
 + Level 1.3 Long Blades
 + Level 1.3 Axes
 + Level 1.3 Maces & Flails
 + Level 1.3 Polearms
 + Level 1.3 Staves
 + Level 1.3 Ranged Weapons
 + Level 2.8 Throwing
 + Level 2.8 Armour
 + Level 4.7 Dodging
 + Level 1.3 Stealth
 + Level 1.3 Shields
 + Level 1.3 Unarmed Combat
 + Level 5.1 Spellcasting
 + Level 1.0 Conjurations
 + Level 1.0 Hexes
 + Level 1.0 Summonings
 + Level 1.0 Necromancy
 + Level 5.5 Translocations
 + Level 1.0 Transmutations
 + Level 1.0 Fire Magic
 + Level 1.0 Ice Magic
 + Level 1.0 Air Magic
 + Level 1.0 Earth Magic
 + Level 1.0 Poison Magic
 + Level 1.4 Invocations
 + Level 1.3 Evocations
 + Level 1.2 Shapeshifting


You had 13 spell levels left.
You didn't know any spells.
Your spell library contained the following spells:

 Spells                   Type           Power      Damage    Failure   Level
 Blink                    Tloc           34%        N/A       3%          2
 Lesser Beckoning         Tloc           34%        N/A       3%          2
 Teleport Other           Tloc           17%        N/A       8%          3
 Necrotise                Necr           24%        1d5       16%         1
 Shock                    Conj/Air       24%        1d4       16%         1
 Sublimation of Blood     Necr           6%         N/A       24%         2
 Manifold Assault         Tloc           17%        N/A       26%         4
 Swiftness                Air            6%         N/A       43%         3
 Vampiric Draining        Necr           6%         2d6       43%         3
 Vhi's Electric Charge    Tloc/Air       22%        N/A       52%         4
 Airstrike                Air            3%         2d(1-17)  83%         4
 Animate Dead             Necr           6%         N/A       83%         4


Dungeon Overview and Level Annotations

Branches:
Dungeon (3/15)

Altars:
Fedhas
Kikubaaqudgha


Innate Abilities, Weirdness & Mutations

You have very sharp teeth.
Your uncanny sense of smell can sniff out nearby items.
Your experience applies equally to all skills.


Message History

The orc priest hits you with a +0 mace.
You hit the orc priest but do no damage.
The orc priest invokes the aid of Beogh against you.
You barely resist. The orc priest hits you with a +0 mace!
You barely miss the orc priest. The orc priest hits you with a +0 mace.
The orc priest hits you but does no damage.
You hit the orc priest but do no damage.
You hit the orc priest.
The orc priest is moderately wounded.
The orc priest hits you with a +0 mace. The orc priest barely misses you.
You hit the orc priest but do no damage.
The orc priest is moderately wounded.
The orc priest completely misses you. The orc priest barely misses you.
You barely miss the orc priest.
The orc priest is moderately wounded.
The orc priest looks satisfied for a moment.
The orc priest hits you with a +0 dagger.
You barely miss the orc priest.
You bite the orc priest, but do no damage.
The orc priest is moderately wounded.
Unknown command.
Throw: 5 darts (disperse)
Press: ? - help, Shift-Dir - straight line, f/p - orc priest
Aim: an orc priest, wielding a +0 mace (moderately wounded, 57% to hit)
You throw a dart of dispersal.
The dart of dispersal hits the orc priest.
The orc priest blinks!
The orc priest is moderately wounded.
The orc priest calls down the wrath of Beogh upon you.
Pain shoots through your body!
Unknown command.
You barely miss the orc priest.
The orc priest mumbles some strange prayers to Beogh against you.
Pain shoots through your body!
* * * LOW HITPOINT WARNING * * *
You hit the orc priest.
The orc priest is moderately wounded.
The orc priest hits you with a +0 dagger.
You die...
Kikubaaqudgha rasps: "You have failed me!
Welcome... death!"

######## ###
#......# o...
#......# .....
#......####o.....
#>............=..
#...o..####.o....
#..§o..# ....!.
#..@#### #......
#.#..# #.# ###
#.##.### #.#
#......# #.#
###....####.#####
##[.......#...#
#........#...#
#........#...####
#................


You could see 2 orc priests.

Vanquished Creatures
  3 gnolls (D:2)
  An adder (D:2)
  A worm (D:2)
  A dart slug (D:1)
  4 endoplasms
  2 giant cockroaches (D:1)
  3 goblins
  8 hobgoblins
  8 jackals
  2 kobolds (D:1)
  5 quokkas
  4 ball pythons
  10 bats
  A frilled lizard (D:2)
  3 rats
  A butterfly (D:1)
57 creatures vanquished.

Notes
Turn   | Place    | Note
-------+----------+-------------------------------------------
     0 | D:1      | Zonian the Gnoll Warper began the quest for the Orb.
     0 | D:1      | Reached XP level 1. HP: 20/20 MP: 6/6
   131 | D:1      | Reached XP level 2. HP: 25/26 MP: 7/7
   534 | D:1      | Reached skill level 5 in Spellcasting
   534 | D:1      | Reached XP level 3. HP: 20/31 MP: 7/9
   994 | D:1      | Found a faded altar of an unknown god.
  1025 | D:1      | Prayed at the altar of an unknown god.
  1025 | D:1      | Became a worshipper of Kikubaaqudgha
  1025 | D:1      | Reached * piety under Kikubaaqudgha
  1025 | D:1      | Received a gift from Kikubaaqudgha
  1068 | D:1      | Reached skill level 1 in Invocations
  1475 | D:2      | Reached skill level 1 in Long Blades
  1475 | D:2      | Reached skill level 1 in Axes
  1475 | D:2      | Reached skill level 1 in Maces & Flails
  1475 | D:2      | Reached skill level 1 in Polearms
  1475 | D:2      | Reached skill level 1 in Staves
  1475 | D:2      | Reached skill level 1 in Ranged Weapons
  1475 | D:2      | Reached skill level 1 in Stealth
  1475 | D:2      | Reached skill level 1 in Shields
  1475 | D:2      | Reached skill level 1 in Unarmed Combat
  1475 | D:2      | Reached skill level 1 in Evocations
  1750 | D:2      | Reached XP level 4. HP: 34/38 MP: 11/11
  1975 | D:2      | Reached skill level 1 in Shapeshifting
  2048 | D:2      | Found a blossoming altar of Fedhas.
  2304 | D:2      | Reached skill level 1 in Conjurations
  2304 | D:2      | Reached skill level 1 in Hexes
  2304 | D:2      | Reached skill level 1 in Summonings
  2304 | D:2      | Reached skill level 1 in Necromancy
  2304 | D:2      | Reached skill level 1 in Transmutations
  2304 | D:2      | Reached skill level 1 in Fire Magic
  2304 | D:2      | Reached skill level 1 in Ice Magic
  2304 | D:2      | Reached skill level 1 in Air Magic
  2304 | D:2      | Reached skill level 1 in Earth Magic
  2304 | D:2      | Reached skill level 1 in Poison Magic
  2889 | D:3      | Reached ** piety under Kikubaaqudgha
  2953 | D:3      | HP: 1/38 [orc priest/nerve-wracking pain (13)]
  2954 | D:3      | Slain by an orc priest

Illustrated notes

Levels and vault maps discovered:
D:1:      spicycebolla_arrival_clurvy, layout_basic,
          shapermc_ecumenical_altar_acropolis, st_stairs_1, minmay_door_square,
          minmay_pentomino_t4
D:2:      layout_basic, basic_altar, serial_bayou_pond_c,
          roderic_serpentine_path
D:3:      layout_basic, st_stairs_5, uniq_sigmund, uniq_crazy_yiuf_cottage,
          uniq_grinder, uniq_terence, uniq_natasha

Skill      XL: |  1  2  3  4 |
---------------+-------------+-----
Spellcasting   | 5 |  5.1
Invocations    | 1 |  1.4
Long Blades    | 1 |  1.3
Axes           | 1 |  1.3
Maces & Flails | 1 |  1.3
Polearms       | 1 |  1.3
Staves         | 1 |  1.3
Ranged Weapons | 1 |  1.3
Stealth        | 1 |  1.3
Shields        | 1 |  1.3
Unarmed Combat | 1 |  1.3
Evocations     | 1 |  1.3
Shapeshifting  | 1 |  1.2
Conjurations   | 1 |  1.0
Hexes          | 1 |  1.0
Summonings     | 1 |  1.0
Necromancy     | 1 |  1.0
Transmutations | 1 |  1.0
Fire Magic     | 1 |  1.0
Ice Magic      | 1 |  1.0
Air Magic      | 1 |  1.0
Earth Magic    | 1 |  1.0
Poison Magic   | 1 |  1.0
Fighting       | |  4.7
Short Blades   | |  4.7
Throwing       | |  2.8
Armour         | |  2.8
Dodging        | |  4.7
Translocations | |  5.5

Action                     |  1- 3 |  4- 6 || total
---------------------------+-------+-------++-------
  Melee: Short sword       |   172 |   122 ||   294
         Bite              |    15 |    12 ||    27
         Punch             |     1 |     1 ||     2
  Throw: Dart              |       |     3 ||     3
   Stab: Sleeping          |     1 |     1 ||     2
 Armour: Leather armour    |    61 |    53 ||   114
  Dodge: Dodged            |    84 |    68 ||   152

Table legend: (Time is in decaauts)
 A = Elapsed time spent in this place.
 B = Non-inter-level travel time spent in this place.
 C = Inter-level travel time spent in this place.
 D = Time resting spent in this place.
 E = Time spent auto-exploring this place.
 F = Levels seen in this place.
 G = Mean time per level.
                   A        B        C        D        E       F      G
               +--------+--------+--------+--------+--------+-----+--------+
         Total |   2892 |   2794 |     98 |    857 |   1416 |   3 |  964.0 |
       Dungeon |   2892 |   2794 |     98 |    857 |   1416 |   3 |  964.0 |
               +--------+--------+--------+--------+--------+-----+--------+

Top non-repeatable levels by time:
     D:1: 1858 daAuts
     D:2: 910 daAuts
     D:3: 124 daAuts
